 Dungeon Crawl Stone Soup version 0.21.1-1-g345015f (webtiles) character file.

313 wojtek the Chopper (level 6, -1/51 HPs)
             Began as a Minotaur Fighter on July 13, 2018.
             Splashed by Pikel's acid (16 damage)
             ... on level 4 of the Dungeon.
             The game lasted 00:02:38 (2477 turns).

wojtek the Chopper (Minotaur Fighter)               Turns: 2477, Time: 00:02:38

Health: -1/51      AC:  2    Str: 22    XL:     6   Next: 19%
Magic:  5/5        EV:  7    Int:  5    God:
Gold:   197        SH:  9    Dex: 10    Spells: 5/5 levels left

rFire    . . .     SeeInvis .   a - +0 war axe
rCold    . . .     Gourm    .   c - +0 shield
rNeg     . . .     Faith    .   b - +0 scale mail
rPois    .         Spirit   .   (helmet restricted)
rElec    .         Reflect  .   (no cloak)
rCorr    .         Harm     .   (no gloves)
MR       .....                  (no boots)
Stlth    ..........             (no amulet)
HPRegen  0.17/turn              (no ring)
MPRegen  0.09/turn              (no ring)

@: corroded
A: retaliatory headbutt, horns 2
a: no special abilities


You were on level 4 of the Dungeon.
You were not hungry.

You visited 1 branch of the dungeon, and saw 4 of its levels.

You collected 197 gold pieces.

Inventory:

Hand Weapons
 a - a +0 war axe (weapon)
Armour
 b - a +0 scale mail (worn)
 c - a +0 shield (worn)
Scrolls
 g - a scroll of fear {unknown}
 h - a scroll of identify {unknown}
 k - 2 scrolls of remove curse {unknown}
 l - 2 scrolls of enchant weapon {unknown}
 m - a scroll of random uselessness {unknown}
 n - a scroll of magic mapping {unknown}
Potions
 d - 2 potions of might
 e - a potion of curing {unknown}
 i - a potion of heal wounds {unknown}
Comestibles
 f - 7 rations


   Skills:
 + Level 3.6 Fighting
 + Level 7.9 Axes
 + Level 3.6 Armour
 + Level 0.0 Dodging
 + Level 3.6 Shields


You had 5 spell levels left.
You didn't know any spells.

Dungeon Overview and Level Annotations

Branches:
Dungeon (4/15)
 Temple: D:4-7

Altars:
Cheibriados
Fedhas
Kikubaaqudgha
Qazlal
Sif Muna
Uskayaw
Vehumet
Xom
Zin
The Shining One

Shops:
D:4 (

Annotations:
D:4 Pikel


Innate Abilities, Weirdness & Mutations

You reflexively headbutt those who attack you in melee.
You have a pair of horns on your head.


Message History

You block the slave's attack.
You closely miss the slave.
The slave is heavily wounded.
The slave hits you.
You hit the slave. Your headbutt misses the slave.
The slave is severely wounded.
The slave hits you. The slave hits you but does no damage.
You slash the slave!
You kill the slave!
That felt strangely unrewarding.
You hit the orc but do no damage. You block the orc's attack.
You hit the orc.
You kill the orc!
You block Pikel's attack.
Items here: $ ) [[ †† You closely miss Pikel.
Pikel hits you with a whip of flaming. Pikel burns you.
Pikel zaps a wand.
The bolt of acid hits you!
* * * LOW HITPOINT WARNING * * *
The acid corrodes you!
You are splashed with acid!
The acid burns!
You die...

...........####
.............)#
...#....(####.#
######.### #.##
#.# #..# #..
##.## ##. #..#
###.. .
##.##p.....
#.@Kp(....
####p.....
.##.. #


You could see Pikel and 3 slaves.

Vanquished Creatures
  A slave (D:4)
  An ogre (D:4)
  A scorpion (D:3)
  A centaur skeleton (D:4)
  A howler monkey skeleton (D:3)
  7 adders
  A worm (D:2)
  A dart slug (D:1)
  2 leopard geckos
  3 orcs
  10 bats
  4 giant cockroaches
  7 hobgoblins
  4 kobolds
  A quokka (D:2)
  3 ball pythons
  A frilled lizard (D:2)
  10 goblins
  10 rats
69 creatures vanquished.

Notes
Turn   | Place    | Note
-------+----------+-------------------------------------------
     0 | D:1      | wojtek the Minotaur Fighter began the quest for the Orb.
     0 | D:1      | Reached XP level 1. HP: 19/19 MP: 0/0
    97 | D:1      | Reached skill level 3 in Axes
   192 | D:1      | Reached XP level 2. HP: 12/26 MP: 1/1
   585 | D:1      | Reached skill level 4 in Axes
   772 | D:2      | Reached XP level 3. HP: 19/31 MP: 2/2
  1054 | D:2      | Reached skill level 5 in Axes
  1175 | D:2      | Reached XP level 4. HP: 38/39 MP: 3/3
  1241 | D:2      | Found a deep blue altar of Sif Muna.
  1514 | D:3      | Reached skill level 6 in Axes
  1514 | D:3      | Reached XP level 5. HP: 38/45 MP: 4/4
  2084 | D:3      | Found a radiant altar of Vehumet.
  2086 | D:3      | Found a hide-covered altar of Uskayaw.
  2087 | D:3      | Found a glowing silver altar of Zin.
  2088 | D:3      | Found a snail-covered altar of Cheibriados.
  2088 | D:3      | Found a shimmering altar of Xom.
  2088 | D:3      | Found an ancient bone altar of Kikubaaqudgha.
  2089 | D:3      | Found a glowing golden altar of the Shining One.
  2092 | D:3      | Found a blossoming altar of Fedhas.
  2093 | D:3      | Found a stormy altar of Qazlal.
  2147 | D:4      | Reached skill level 7 in Axes
  2160 | D:4      | Noticed an ogre
  2172 | D:4      | Killed an ogre
  2172 | D:4      | Reached XP level 6. HP: 9/51 MP: 5/5
  2435 | D:4      | Found Jumn's Weapon Shoppe.
  2461 | D:4      | Noticed a slave
  2461 | D:4      | Noticed a slave
  2462 | D:4      | Noticed Pikel
  2462 | D:4      | Noticed a slave
  2464 | D:4      | Noticed a slave
  2473 | D:4      | Killed a slave
  2477 | D:4      | Splashed by Pikel's acid

Skill      XL: |  1  2  3  4  5 |
---------------+----------------+-----
Axes           | 3 4 5 6 7 |  7.9
Fighting       | |  3.6
Armour         | |  3.6
Shields        | |  3.6

Action                   |  1- 3 |  4- 6 || total
-------------------------+-------+-------++-------
Melee: War axe           |   103 |    82 ||   185
       Headbutt          |     8 |    12 ||    20
  Eat: Chunk             |     1 |     4 ||     5
Armor: Scale mail        |    50 |    22 ||    72
Dodge: Dodged            |    30 |    15 ||    45
Block: Shield            |    52 |    36 ||    88
